 Dungeon Crawl Stone Soup version 0.31-a0-859-g9dce7d3444 (webtiles) character file.

Game seed: 1095058278241953850

2415 BinkBink the Cleaver (level 9, 0/123 HPs)
             Began as a Minotaur Monk on Oct 10, 2023.
             Slain by an orc knight
             ... wielding a +0 glaive
              (15 damage)
             ... in a bailey.
             The game lasted 00:13:29 (6472 turns).

BinkBink the Cleaver (Minotaur Monk)                Turns: 6472, Time: 00:13:29

Health: 0/123      AC: 24    Str: 19    XL:     9   Next: 23%
Magic:  8/8        EV:  2    Int:  7    God:
Gold:   234        SH:  0    Dex: 14    Spells: 8/8 levels left

rFire   + . .        a - +0 hand axe
rCold   . . .        d - orb {light}
rNeg    . . .        t - melded +0 troll leather armour {Pargi}
rPois   +            (helmet currently unavailable)
rElec   .            (cloak currently unavailable)
rCorr   .            (gloves currently unavailable)
SInv    +            (boots currently unavailable)
Will    .....        (no amulet)
Stlth   +            k - ring of see invisible
HPRegen 0.40/turn    s - ring of protection from fire
MPRegen 0.11/turn

%: no passive effects
@: tree-form (expiring), attractive, hasted, glowing, very quick
A: stationary, stasis, torment immunity, boosted hp, (horns 2), (retaliatory
headbutt), sense surroundings 1, wild magic 1
a: no special abilities


You were in a bailey.
You were a tree.
You visited 2 branches of the dungeon, and saw 8 of its levels.
You also visited: Sewer and Bailey.

You collected 360 gold pieces.
You spent 126 gold pieces at shops.

Inventory:

Hand Weapons
 a - a +0 hand axe (weapon)
Armour
 b - a +0 robe
 d - an orb of light (worn)
 j - a +0 plate armour
 t - a +0 troll leather armour (melded) {Pargi}
Jewellery
 f - a ring of wizardry
 k - a ring of see invisible (left branch)
 s - a ring of protection from fire (right branch)
 v - a ring of protection from cold
Wands
 y - a wand of roots (8) (quivered)
Scrolls
 h - 3 scrolls of enchant weapon
 i - 3 scrolls of immolation
 l - a scroll of teleportation
 m - a scroll of fog
 n - 2 scrolls of silence {unknown}
 o - 2 scrolls of noise {unknown}
 p - 3 scrolls of poison
 u - a scroll of revelation
 A - 2 scrolls of fear {unknown}
Potions
 c - a potion of ambrosia
 e - 2 potions of degeneration
 q - a potion of mutation
 r - a potion of lignification
 w - 2 potions of curing
 z - 3 potions of cancellation
 B - a potion of invisibility


   Skills:
 + Level 8.9 Fighting
 * Level 11.9 Axes
 + Level 4.8 Armour
 - Level 3.2 Dodging


You had 8 spell levels left.
You didn't know any spells.
Your spell library contained the following spells:

 Spells                   Type           Power      Damage    Failure   Level
 Cigotuvi's Dreadful Rot  Necr/Pois/Air  0%         N/A       65%         2
 Animate Dead             Necr           0%         N/A       99%         4
 Dispel Undead            Necr           0%         3d6       99%         4
 Summon Ice Beast         Ice/Summ       0%         N/A       99%         4
 Borgnjor's Vile Clutch   Necr/Erth      0%         N/A       100%        5
 Summon Mana Viper        Hex/Summ       0%         N/A       100%        5
 Death Channel            Necr           0%         N/A       100%        6
 Monstrous Menagerie      Summ           0%         N/A       100%        7


Dungeon Overview and Level Annotations

Branches:
Dungeon (7/15)             Temple (1/1) D:4           Sewer (visited)
 Bailey (1/1)

Altars:
Ashenzari
Cheibriados
Dithmenos
Elyvilon
Gozag
Kikubaaqudgha
Nemelex Xobeh
Okawaru
Ru
Trog
Vehumet
Wu Jian
Xom
Yredelemnul
Zin
The Shining One

Shops:
D:4 ?

Annotations:
Bailey 2 runed translucent doors


Innate Abilities, Weirdness & Mutations

You are a tree.
Your roots penetrate the ground, keeping you stationary.
You cannot be teleported.
You are immune to unholy pain and torment.
Your maximum health is greatly increased.
Your equipment is partially melded.
((You have a pair of horns on your head.))
((You reflexively headbutt those who attack you in melee.))
You passively map a small area around you.
Your spells are a little harder to cast, but a little more powerful.


Message History

The orc knight is moderately wounded.
The orc knight hits you with a +0 glaive.
* * * LOW HITPOINT WARNING * * *
You slash the orc knight!
The orc knight is moderately wounded.
You slash the orc knight!
The orc knight is heavily wounded.
You hit the orc knight but do no damage.
The orc knight is heavily wounded.
The orc knight hits you but does no damage.
You hit the orc knight but do no damage.
The orc knight is heavily wounded.
You hit the orc knight but do no damage.
The orc knight is heavily wounded.
The orc knight hits you with a +0 glaive.
* * * LOW HITPOINT WARNING * * *
You hit the orc knight.
The orc knight is heavily wounded.
You hit the orc knight.
The orc knight is heavily wounded.
Your transformation is almost over.
The orc knight hits you with a +0 glaive.
* * * LOW HITPOINT WARNING * * *
You hit the orc knight.
The orc knight is heavily wounded.
You barely miss the orc knight.
The orc knight is heavily wounded.
The orc knight hits you with a +0 glaive.
* * * LOW HITPOINT WARNING * * *
You hit the orc knight.
The orc knight is heavily wounded.
You hit the orc knight.
The orc knight is severely wounded.
The orc knight hits you but does no damage.
You barely miss the orc knight.
The orc knight is severely wounded.
You hit the orc knight but do no damage.
The orc knight is severely wounded.
The orc knight hits you with a +0 glaive!
You die...

≈≈≈≈≈ ≈≈≈≈≈♣♣♣♣
.≈≈≈≈≈..♣♣
..≈≈≈≈≈..♣#
#..≈≈≈≈...#
#..≈≈≈≈≈..####
#...≈≈≈≈.....###
#...≈≈≈≈..♣♣...♣♣♣
....≈≈≈≈..♣.....♣♣♣
...######)......o.♣
.............).∩..♣
.....)))..........♣
..............)...♣
...............∩..♣
...######...).....♣
....≈≈≈≈.........♣♣
#.♣.≈≈≈≈..♣....♣♣♣


You could see an orc knight.

Vanquished Creatures
  Pikel (D:6)
  Sigmund (D:2)
  A water moccasin (Sewer)
  Pargi (D:4)
  4 orc warriors (Bailey)
  2 black bears
  An ice beast (D:6)
  A sky beast (D:5)
  A lemure (D:6)
  2 phantoms (D:5)
  A bullfrog (D:6)
  2 scorpions
  An electric eel (D:6)
  A howler monkey (D:5)
  A hound (D:4)
  An orc priest (D:5)
  A jelly (D:6)
  A gnoll bouda (D:6)
  A sleepcap (D:5)
  2 iguanas
  2 orc wizards
  6 adders
  2 river rats (D:5)
  3 gnolls (D:6)
  A white imp (D:6)
  2 worms
  3 dart slugs
  17 orcs
  9 endoplasms
  4 giant cockroaches
  6 goblins
  7 hobgoblins
  3 jackals (D:2)
  4 quokkas
  13 ball pythons
  2 bats
  10 frilled lizards
  15 kobolds
  4 rats (D:1)
140 creatures vanquished.

Notes
Turn   | Place    | Note
-------+----------+-------------------------------------------
     0 | D:1      | BinkBink the Minotaur Monk began the quest for the Orb.
     0 | D:1      | Reached XP level 1. HP: 19/19 MP: 0/0
   100 | D:1      | Reached skill level 4 in Axes
   243 | D:1      | Reached XP level 2. HP: 27/27 MP: 1/1
   410 | D:1      | Reached XP level 3. HP: 19/31 MP: 2/2
   935 | D:2      | Noticed Sigmund
  1169 | D:2      | Reached skill level 5 in Axes
  1368 | D:2      | Killed Sigmund
  1369 | D:2      | Reached skill level 5 in Fighting
  1369 | D:2      | Reached skill level 6 in Axes
  1369 | D:2      | Reached XP level 4. HP: 23/42 MP: 3/3
  1369 | D:2      | Reached XP level 5. HP: 27/48 MP: 4/4
  2154 | D:4      | Noticed Pargi
  2200 | D:4      | Found Ujadov's Magic Scroll Shop.
  2322 | D:4      | Killed Pargi
  2323 | D:4      | Reached skill level 7 in Axes
  2323 | D:4      | Reached XP level 6. HP: 19/57 MP: 5/5
  2456 | D:4      | Bought a scroll of identify for 22 gold pieces
  2456 | D:4      | Bought a scroll of identify for 22 gold pieces
  2456 | D:4      | Bought a scroll of revelation for 82 gold pieces
  2995 | D:4      | Reached skill level 8 in Axes
  3128 | D:4      | Found a staircase to the Ecumenical Temple.
  3135 | Temple   | Entered the Ecumenical Temple
  3382 | D:5      | Entered Level 5 of the Dungeon
  3425 | D:5      | Reached XP level 7. HP: 62/63 MP: 6/6
  3810 | D:5      | Reached skill level 9 in Axes
  3894 | D:5      | Found a glowing drain.
  3904 | Sewer    | Entered a sewer
  5287 | D:6      | Noticed Pikel
  5322 | D:6      | Killed Pikel
  5323 | D:6      | Reached skill level 10 in Axes
  5323 | D:6      | Reached XP level 8. HP: 6/74 MP: 7/7
  5421 | D:6      | Found a broken altar of Ashenzari.
  5424 | D:6      | Found a basalt altar of Yredelemnul.
  5596 | D:5      | Reached skill level 11 in Axes
  5800 | D:6      | Reached XP level 9. HP: 82/82 MP: 8/8
  6083 | D:7      | Found a flagged portal.
  6087 | Bailey   | Entered a bailey
  6170 | Bailey   | HP: 1/82 [orc warrior/+3 glaive (14)]
  6389 | Bailey   | Found a large runed translucent door.
  6389 | Bailey   | Found a large runed translucent door.
  6390 | Bailey   | Noticed a deep elf zephyrmancer
  6401 | Bailey   | Noticed an orc knight
  6434 | Bailey   | Gained mutation: Your spells are a little harder to cast,
                  | but a little more powerful. [potion of mutation]
  6434 | Bailey   | Gained mutation: You passively map a small area around you.
                  | [potion of mutation]
  6472 | Bailey   | Slain by an orc knight

Illustrated notes

Levels and vault maps discovered:
D:1:      scummos_arrival_simple_fountains, layout_rooms, amethyst_killhole,
          minmay_tetromino_o4
D:2:      layout_loops_ring, nicolae_houndstooth_variations, uniq_sigmund
D:3:      layout_rooms, minmay_misc_feat_diagonals
D:4:      layout_loops_ring, minmay_temple_entry_nine_rooms, serial_forest,
          infiniplex_forest_lined_room_2, infiniplex_forest_lined_ring,
          infiniplex_forest_clump_medium, infiniplex_forest_fountain,
          infiniplex_forest_clump_large, infiniplex_forest_clump_curved,
          infiniplex_forest_clump_tiny, serial_shops, shop_scrolls, minivault_4,
          kennysheep_generic_room_7, uniq_pargi
D:5:      layout_basic, gup_sewer_entry_bubbles
D:6:      layout_loops_ring, nicolae_overflow_squiral, minmay_chambers_of_fives,
          uniq_pikel
D:7:      minmay_recursive_quarters, layout_basic, bloody_makhleb,
          enter_bailey_1
Temple:   nicolae_temple_ecumenical_triangle
Bailey:   bailey_polearm_elven_captive_hellmonk, bailey

Skill      XL: |  1  2  3  4  5  6  7  8 |
---------------+-------------------------+-----
Axes           | 4 6 7 8 10 11 | 11.9
Fighting       | 4 5 6 7 8 |  8.9
Armour         | 2 4 |  4.8
Dodging        | |  3.2

Action                     |  1- 3 |  4- 6 |  7- 9 || total
---------------------------+-------+-------+-------++-------
  Melee: Hand axe          |    85 |    85 |   264 ||   434
         Headbutt          |    14 |    23 |    71 ||   108
  Evoke: Wand              |       |       |     2 ||     2
    Use: Scroll            |       |       |    12 ||    12
         Potion            |       |       |    11 ||    11
 Armour: Robe              |    47 |    46 |    40 ||   133
         Troll leather arm |       |       |    57 ||    57
         Skin              |       |       |    20 ||    20
  Dodge: Dodged            |    41 |    61 |   110 ||   212

Table legend: (Time is in decaauts)
 A = Elapsed time spent in this place.
 B = Non-inter-level travel time spent in this place.
 C = Inter-level travel time spent in this place.
 D = Time resting spent in this place.
 E = Time spent auto-exploring this place.
 F = Levels seen in this place.
 G = Mean time per level.
                   A        B        C        D        E       F      G
               +--------+--------+--------+--------+--------+-----+--------+
         Total |   6452 |   6192 |    260 |    712 |   4099 |  10 |  645.2 |
       Dungeon |   5751 |   5525 |    226 |    653 |   3846 |   7 |  821.6 |
        Temple |     35 |      1 |     34 |      0 |      0 |   1 |   35.0 |
         Sewer |    333 |    333 |      0 |      0 |    226 |   1 |  333.0 |
        Bailey |    332 |    332 |      0 |     59 |     27 |   1 |  332.0 |
               +--------+--------+--------+--------+--------+-----+--------+

Top non-repeatable levels by time:
     D:5: 1230 daAuts
     D:4: 1226 daAuts
     D:6: 1155 daAuts
     D:2: 839 daAuts
     D:1: 820 daAuts
     D:3: 465 daAuts
   Sewer: 333 daAuts
  Bailey: 332 daAuts
  Temple: 35 daAuts
     D:7: 13 daAuts
